 Dungeon Crawl Stone Soup version 0.28.0-47-ge53b351184 (webtiles) character file.

Game seed: 14000411993063115483

279 Icepheonix32 the Chiller (level 6, -1/43 HPs)
             Began as a Demonspawn Ice Elementalist on May 4, 2022.
             Splashed by a jelly's acid (10 damage)
             ... on level 4 of the Dungeon.
             The game lasted 00:03:47 (3936 turns).

Icepheonix32 the Chiller (DsIE)                     Turns: 3936, Time: 00:03:48

Health: -1/43      AC:  2    Str:  9    XL:     6   Next: 5%
Magic:  7/10       EV: 12    Int: 18    God:
Gold:   107        SH:  4    Dex: 13    Spells: 4/11 levels left

rFire   . . .      SeeInvis .   g - +1 hand axe (elec)
rCold   . . .      Faith    .   (no shield)
rNeg    . . .      Spirit   .   a - +0 robe
rPois   .          Reflect  .   o - +1 hat
rElec   .          Harm     .   m - scarf {+Inv}
rCorr   .          Rampage  .   s - +0 pair of gloves
Will    .....                   (no boots)
Stlth   ++........              (no amulet)
HPRegen 0.14/turn               e - +4 ring of protection
MPRegen 0.12/turn               (no ring)

@: corroded
A: icy blue scales 1, powered by death 1, condensation shield
a: Evoke Invisibility


You were on level 4 of the Dungeon.
You visited 1 branch of the dungeon, and saw 4 of its levels.

You collected 157 gold pieces.
You spent 50 gold pieces at shops.

Inventory:

Hand Weapons
 c - a +0 dagger
 g - a +1 hand axe of electrocution (weapon)
Armour
 a - a +0 robe (worn)
 m - a scarf of invisibility (worn)
 o - a +1 hat (worn)
 s - a +0 pair of gloves (worn)
Jewellery
 e - a +4 ring of protection (left hand)
Scrolls
 j - 2 scrolls of enchant armour {unknown}
 k - 4 scrolls of identify {unknown}
 n - a scroll of magic mapping {unknown}
 p - 2 scrolls of fog
 q - a scroll of fear {unknown}
 r - a scroll of teleportation
Potions
 b - a potion of brilliance {unknown}
 d - a potion of flight {unknown}
 f - a potion of attraction {unknown}
 h - a potion of resistance {unknown}
 i - a potion of berserk rage {unknown}
 l - a potion of magic {unknown}
 t - a potion of heal wounds {unknown}


   Skills:
 + Level 1.5 Fighting
 + Level 2.7 Dodging
 - Level 1.7 Stealth
 - Level 3.0 Spellcasting
 + Level 5.6 Ice Magic


You had 4 spell levels left.
You knew the following spells:

 Your Spells              Type           Power      Damage    Failure   Level
a - Freeze                Ice            88%        1d10      1%          1
b - Ozocubu's Armour      Ice            22%        N/A       4%          3
c - Frozen Ramparts       Ice            44%        1d6       4%          3

Your spell library contained the following spells:

 Spells                   Type           Power      Damage    Failure   Level
 Hailstorm                Conj/Ice       12%        3d5       45%         4


Dungeon Overview and Level Annotations

Branches:
Dungeon (4/15)
 Temple: D:4-7

Altars:

Shops:
D:3 *


Innate Abilities, Weirdness & Mutations

You are partially covered in icy blue scales. (AC +2)
You regenerate a little health from kills.
A meltable shield of frost defends you. (SH +4)


Message History

The wall freezes the gnoll.
You kill the gnoll!
You have reached level 6!
No target in view!
Unknown command.
Unknown command.
Your icy armour cracks and falls away as you move.
The frozen ramparts melt away as you move.
Things that are here:
a +0 whip; a gnoll corpse You see here a +0 whip.
Things that are here:
a +0 whip; a +0 robe; an adder corpse
Found a stone staircase leading down.
k - 3 scrolls labelled LIDIUKHLUAS (gained 1)
Found 11 stones.
A jelly comes into view.
You see here a scroll labelled LIDIUKHLUAS.
k - 4 scrolls labelled LIDIUKHLUAS (gained 1)
You hit the jelly.
Your hands burn!
The jelly is moderately wounded.
The jelly hits you. The acid corrodes you!
You are splashed with acid!
You barely miss the jelly.
The jelly is moderately wounded.
The jelly closely misses you. You block the jelly's attack.
You hit the jelly.
Your hands burn!
The jelly is heavily wounded.
The jelly hits you but does no damage.
You hit the jelly. The acid corrodes you!
Your hands burn!
The jelly is severely wounded.
The jelly hits you.
You are splashed with acid!
You are too injured to fight recklessly!
You are too injured to fight recklessly!
You hit the jelly but do no damage.
Your hands burn!
* * * LOW HITPOINT WARNING * * *
The jelly is severely wounded.
The jelly misses you. The jelly hits you.
* * * LOW HITPOINT WARNING * * *
You are splashed with acid!
You die...

#......##.............
#........#............#
#.............##......#
.........#.....#......
#....##.......##.....
#.... #..........#.#.
.....##..........##
....#.)..##.......#
#...)).##.....@J#
#...)###..............
#.....................
##....................
#........(.>.........#
..............#.#.#...#
.....##........#.#######
..... ####....###


You could see a jelly.

Vanquished Creatures
  3 jellies (D:2)
  A gnoll shaman (D:4)
  Jessica (D:2)
  3 gnolls (D:4)
  3 adders
  3 dart slugs (D:1)
  2 ball pythons
  4 bats
  11 endoplasms
  A giant cockroach (D:1)
  6 goblins
  5 hobgoblins
  4 jackals (D:2)
  10 kobolds
  6 quokkas
  4 frilled lizards
  4 rats
71 creatures vanquished.

Vanquished Creatures (others)
  8 fungi (D:2)
  6 toadstools (D:2)
14 creatures vanquished.

Grand Total: 85 creatures vanquished

Notes
Turn   | Place    | Note
-------+----------+-------------------------------------------
     0 | D:1      | Icepheonix32 the Demonspawn Ice Elementalist began the
                  | quest for the Orb.
     0 | D:1      | Reached XP level 1. HP: 13/13 MP: 3/3
   293 | D:1      | Reached skill level 4 in Ice Magic
   297 | D:1      | Gained mutation: A meltable shield of frost defends you.
                  | (SH +4) [demonic ancestry]
   297 | D:1      | Reached XP level 2. HP: 10/19 MP: 0/5
   881 | D:1      | Found a faded altar of an unknown god.
  1346 | D:1      | Gained mutation: You are partially covered in icy blue
                  | scales. (AC +2) [demonic ancestry]
  1346 | D:1      | Reached XP level 3. HP: 23/24 MP: 4/6
  1350 | D:1      | Learned a level 3 spell: Ozocubu's Armour
  2061 | D:2      | Noticed Jessica
  2067 | D:2      | Killed Jessica
  2068 | D:2      | Reached XP level 4. HP: 12/30 MP: 4/8
  2072 | D:2      | Learned a level 3 spell: Frozen Ramparts
  2522 | D:2      | Reached skill level 5 in Ice Magic
  2522 | D:2      | Gained mutation: You regenerate a little health from kills.
                  | [demonic ancestry]
  2522 | D:2      | Reached XP level 5. HP: 32/36 MP: 2/9
  3466 | D:3      | Reached skill level 1 in Fighting
  3593 | D:3      | Found Qapas's General Store.
  3600 | D:3      | Bought a scroll of fog for 20 gold pieces
  3600 | D:3      | Bought a scroll of teleportation for 30 gold pieces
  3909 | D:4      | Reached XP level 6. HP: 42/43 MP: 4/10
  3936 | D:4      | Splashed by a jelly's acid

Illustrated notes

Levels and vault maps discovered:
D:1:      ncdulo_lavacross, layout_loops_corners,
          hellmonk_ecumenical_altar_slurped_away
D:2:      cheibrodos_fertilizer, layout_loops_ring, hex_tiny, uniq_jessica
D:3:      layout_basic, serial_shops, shop_statue
D:4:      layout_cave_pools, lemuel_crystal_altar,
          nicolae_overflow_quartered_altars

Skill      XL: |  1  2  3  4  5 |
---------------+----------------+-----
Ice Magic      | 4 5 |  5.6
Spellcasting   | 3 |  3.0
Dodging        | 2 |  2.7
Fighting       | 1 |  1.5
Stealth        | |  1.7

Action                   |  1- 3 |  4- 6 || total
-------------------------+-------+-------++-------
Melee: Dagger            |    22 |       ||    22
       Unarmed           |     2 |       ||     2
       Punch             |     1 |       ||     1
       Hand axe          |    47 |    83 ||   130
 Cast: Freeze            |    37 |       ||    37
       Ozocubu's Armour  |       |     3 ||     3
       Frozen Ramparts   |       |     2 ||     2
 Stab: Sleeping          |     2 |     1 ||     3
Armor: Robe              |    40 |    29 ||    69
Dodge: Dodged            |    68 |    45 ||   113
Block: Other             |    13 |    21 ||    34
